 Dungeon Crawl Stone Soup version 0.21.1-1-g345015f (webtiles) character file.

343 tidbits the Charmwright (level 6, 7/51 HPs)
             Began as a Gnoll Skald on June 29, 2018.
             Quit the game on level 6 of the Dungeon.
             The game lasted 00:10:53 (875 turns).

tidbits the Charmwright (Gnoll Skald)                Turns: 875, Time: 00:10:54

Health: 7/51       AC:  4    Str: 13    XL:     6   Next: 57%
Magic:  2/14       EV: 14    Int: 18    God:
Gold:   36         SH:  0    Dex: 14    Spells: 1/15 levels left

rFire    . . .     SeeInvis .   n - +2 quarterstaff (crush)
rCold    . . .     Gourm    .   (shield currently unavailable)
rNeg     . . .     Faith    .   b - +0 leather armour
rPois    .         Spirit   .   E - +0 helmet
rElec    .         Reflect  .   (no cloak)
rCorr    .         Harm     .   (no gloves)
MR       .....                  (no boots)
Stlth    ++........             (no amulet)
HPRegen  0.17/turn              k - ring of wizardry
MPRegen  0.14/turn              (no ring)

@: very slightly contaminated, drained
A: distributed training, fangs 1, strong nose
a: no special abilities


You were on level 6 of the Dungeon.
You were near starving.

You visited 1 branch of the dungeon, and saw 6 of its levels.

You collected 36 gold pieces.

Inventory:

Hand Weapons
 a - a +0 hand axe
 i - a +1 dagger of venom
   (You took it off an orc wizard on level 3 of the Dungeon)
 n - a +2 quarterstaff of crushing (weapon)
   (You found it on level 3 of the Dungeon)
 s - a +1 dagger of holy wrath
   (You took it off a kobold on level 3 of the Dungeon)
Missiles
 p - 7 javelins (quivered)
Armour
 b - a +0 leather armour (worn)
 u - a +0 helmet
 E - a +0 helmet (worn)
Jewellery
 k - a ring of wizardry (left hand)
   (You found it on level 2 of the Dungeon)
 l - an uncursed ring of fire
   (You found it on level 3 of the Dungeon)
Wands
 f - a wand of digging (25)
Scrolls
 g - a scroll of remove curse
Potions
 e - a potion of degeneration
 h - a potion of flight
 m - a potion of mutation {unknown}
 o - a potion of might {unknown}
 q - a potion of brilliance {unknown}
 t - 2 potions of heal wounds
 v - a potion of curing
Books
 d - a book of Battle

   Spells                             Type                      Level
   a - Infusion                       Charms                       1
   b - Shroud of Golubria             Charms/Translocation         2
   c - Song of Slaying                Charms                       2
   d - Spectral Weapon                Hexes/Charms                 3
   e - Regeneration                   Charms/Necromancy            3
 j - a book of Changes
   (You found it on level 4 of the Dungeon)

   Spells                             Type                      Level
   a - Beastly Appendage              Transmutation                1
   b - Sticks to Snakes               Transmutation                2
   c - Spider Form                    Transmutation/Poison         3
   d - Ice Form                       Ice/Transmutation            4
   e - Blade Hands                    Transmutation                5
 r - a book of Callings
   (You found it on level 3 of the Dungeon)

   Spells                             Type                      Level
   a - Summon Small Mammal            Summoning                    1
   b - Call Imp                       Summoning                    2
   c - Call Canine Familiar           Summoning                    3
   d - Summon Guardian Golem          Hexes/Summoning              3
   e - Summon Lightning Spire         Summoning/Air                4
   f - Summon Ice Beast               Ice/Summoning                4
Comestibles
 c - 3 rations


   Skills:
 + Level 5.0(4.3) Fighting
 + Level 2.0(1.4) Short Blades
 + Level 2.0(1.4) Long Blades
 + Level 5.0(4.3) Axes
 + Level 2.0(1.4) Maces & Flails
 + Level 2.0(1.4) Polearms
 + Level 2.0(1.4) Staves
 + Level 2.0(1.4) Slings
 + Level 2.0(1.4) Bows
 + Level 2.0(1.4) Crossbows
 + Level 2.0(1.4) Throwing
 + Level 3.2(2.6) Armour
 + Level 5.0(4.3) Dodging
 + Level 2.0(1.4) Stealth
 + Level 2.0(1.4) Shields
 + Level 2.0(1.4) Unarmed Combat
 + Level 5.4(4.7) Spellcasting
 + Level 1.5(0.9) Conjurations
 + Level 1.5(0.9) Hexes
 + Level 5.6(5.0) Charms
 + Level 1.5(0.9) Summonings
 + Level 1.5(0.9) Necromancy
 + Level 1.5(0.9) Translocations
 + Level 1.5(0.9) Transmutations
 + Level 1.5(0.9) Fire Magic
 + Level 1.5(0.9) Ice Magic
 + Level 1.5(0.9) Air Magic
 + Level 1.5(0.9) Earth Magic
 + Level 1.5(0.9) Poison Magic
 + Level 2.2(1.5) Invocations
 + Level 2.0(1.4) Evocations


You had one spell level left.
You knew the following spells:

 Your Spells              Type           Power        Failure   Level  Hunger
g - Shroud of Golubria    Chrm/Tloc      ##........   3%          2    #......
r - Regeneration          Chrm/Necr      ##........   6%          3    ###....
w - Spectral Weapon       Hex/Chrm       ##......     6%          3    ###....
y - Song of Slaying       Chrm           ###.....     1%          2    #......
L - Summon Lightning Spi  Summ/Air       #.......     41%         4    ####...


Dungeon Overview and Level Annotations

Branches:
Dungeon (6/15)
 Temple: D:4-7

Altars:

Shops:
D:6 (

Annotations:
D:4 Blork the orc


Innate Abilities, Weirdness & Mutations

Your experience applies equally to all skills.
You have very sharp teeth.
Your uncanny sense of smell can sniff out nearby items.


Message History

Adjust to which letter? (? for menu, Esc to quit)
c - 2 rations;
d - a book of Battle You open the door.
A giant cockroach comes into view.
Found a helmet.
There is an open door here.
The giant cockroach bites you but does no damage.
You see here a helmet.
You hit the giant cockroach.
You kill the giant cockroach!
u - a helmet Wear which item? (? for menu, Esc to quit)
You start removing your armour.
You continue taking off your +0 helmet. x4
You finish taking off your +0 helmet.
You start putting on your armour.
You continue putting on your helmet. x5
You finish putting on your +0 helmet.
Adjust (i)tems, (s)pells, or (a)bilities?
Adjust which item? (? for menu, Esc to quit)
u - a +0 helmet (worn)
Adjust to which letter? (? for menu, Esc to quit)
E - a +0 helmet (worn);
u - a +0 helmet
Found a potion of curing.
Found 16 stones.
You see here a potion of curing.
v - a potion of curing
Found 11 stones.
You see here 16 stones.
Found a wand of digging (4).
You see here 11 stones.
You see here a wand of digging (4).
f - a wand of digging (26) (gained 4 charges) Unknown command.
Evoke which item? (* to show all) (? for menu, Esc to quit)
Aiming: Dig
Press: ? - help, Shift-Dir - straight line, f - you The rock shatters into small pieces.
Found a leather armour.
Unknown command.
Found a ration.
Found 14 gold pieces.
Unknown command.
There are no items here.
You see here a ration.
c - 3 rations (gained 1)
You open the door.
There is an open door here.
There is a stone staircase leading down here.
Okay, then.
You climb downwards. 3 wights come into view.
A wight is wielding a mace of freezing.
A wight is wielding a falchion of freezing.
Found 16 stones and a ration.
Found Cylar's Weapon Shop.
There is a stone staircase leading up here.
Unknown command.
Unknown command.
Unknown command.
Unknown command.
Unknown command.
Unknown command.
Unknown command.
Casting: Summon Lightning Spire
Confirm with . or Enter, or press ? or * to list all spells.
Aiming: Summon Lightning Spire
Press: ? - help, Dir - move target cursor You miscast Summon Lightning Spire.
You are very lightly contaminated with residual magic.
Ouch! You feel a sudden electric shock.
Unknown command.
Casting: Summon Lightning Spire
Confirm with . or Enter, or press ? or * to list all spells.
Aiming: Summon Lightning Spire
Press: ? - help, Dir - move target cursor You miscast Summon Lightning Spire.
Your hair stands on end.
You are near starving!
Casting: Summon Lightning Spire
Confirm with . or Enter, or press ? or * to list all spells.
Aiming: Summon Lightning Spire
Press: ? - help, Dir - move target cursor An electric hum fills the air.
The wight hits you with a mace of freezing.
You feel drained. The wight freezes you. The wight closely misses you.
Wield which item (- for none, * to show all)? (? for menu, Esc to quit)
Your +1 dagger of venom stops dripping with poison.
n - a +2 quarterstaff of crushing (weapon)
Unknown command.
You barely miss the wight.
The wight hits you with a falchion of freezing!
The wight freezes you.
The wight hits you with a mace of freezing!
* * * LOW HITPOINT WARNING * * *
You feel drained.
* * * LOW HITPOINT WARNING * * *
The wight freezes you.
* * * LOW HITPOINT WARNING * * *
The wight hits you with a falchion of freezing!
* * * LOW HITPOINT WARNING * * *
The wight freezes you.
* * * LOW HITPOINT WARNING * * *
Are you sure you want to abandon this character and quit the game? (Confirm with "yes".)

......##
...%...##
#.......#
#........
∆#(.......
+........
#....≈≈≈.
#@z.≈≈≈≈≈
#zz8≈≈∩..
....≈≈≈≈≈
......≈≈≈#
..........#
...........#
.##........#.
.. ##......##


You could see 3 wights and a friendly lightning spire.

Vanquished Creatures
  An ogre (D:4)
  A scorpion (D:5)
  An orc wizard (D:3)
  Robin (D:3)
  3 adders
  3 oozes
  2 leopard geckos (D:1)
  4 orcs
  2 ball pythons (D:2)
  5 giant cockroaches
  11 goblins
  3 hobgoblins
  A quokka (D:3)
  A bat (D:1)
  A frilled lizard (D:2)
  2 kobolds
  6 rats
48 creatures vanquished.

Vanquished Creatures (collateral kills)
  An ice beast (D:5)
1 creature vanquished.

Grand Total: 49 creatures vanquished

Notes
Turn   | Place    | Note
-------+----------+-------------------------------------------
     0 | D:1      | tidbits the Gnoll Skald began the quest for the Orb.
     0 | D:1      | Reached XP level 1. HP: 20/20 MP: 6/6
   126 | D:1      | Reached XP level 2. HP: 21/26 MP: 0/7
   135 | D:1      | Learned a level 2 spell: Song of Slaying
   138 | D:1      | Learned a level 2 spell: Shroud of Golubria
   210 | D:2      | Reached XP level 3. HP: 18/31 MP: 5/9
   215 | D:2      | Learned a level 3 spell: Regeneration
   219 | D:2      | Learned a level 3 spell: Spectral Weapon
   241 | D:2      | Reached skill level 5 in Spellcasting
   324 | D:3      | Reached skill level 1 in Invocations
   326 | D:3      | Noticed Robin
   344 | D:3      | Killed Robin
   344 | D:3      | Reached skill level 1 in Short Blades
   344 | D:3      | Reached skill level 1 in Long Blades
   344 | D:3      | Reached skill level 1 in Maces & Flails
   344 | D:3      | Reached skill level 1 in Polearms
   344 | D:3      | Reached skill level 1 in Staves
   344 | D:3      | Reached skill level 1 in Slings
   344 | D:3      | Reached skill level 1 in Bows
   344 | D:3      | Reached skill level 1 in Crossbows
   344 | D:3      | Reached skill level 1 in Throwing
   344 | D:3      | Reached skill level 1 in Stealth
   344 | D:3      | Reached skill level 1 in Shields
   344 | D:3      | Reached skill level 1 in Unarmed Combat
   344 | D:3      | Reached skill level 1 in Evocations
   344 | D:3      | Reached XP level 4. HP: 12/38 MP: 1/11
   486 | D:3      | Reached skill level 1 in Conjurations
   486 | D:3      | Reached skill level 1 in Hexes
   486 | D:3      | Reached skill level 1 in Summonings
   486 | D:3      | Reached skill level 1 in Necromancy
   486 | D:3      | Reached skill level 1 in Translocations
   486 | D:3      | Reached skill level 1 in Transmutations
   486 | D:3      | Reached skill level 1 in Fire Magic
   486 | D:3      | Reached skill level 1 in Ice Magic
   486 | D:3      | Reached skill level 1 in Air Magic
   486 | D:3      | Reached skill level 1 in Earth Magic
   486 | D:3      | Reached skill level 1 in Poison Magic
   553 | D:4      | Noticed an ogre
   619 | D:4      | Killed an ogre
   619 | D:4      | Reached skill level 3 in Armour
   619 | D:4      | Reached XP level 5. HP: 36/43 MP: 1/12
   674 | D:5      | Entered Level 5 of the Dungeon
   695 | D:4      | Noticed Blork the orc
   704 | D:5      | Learned a level 4 spell: Summon Lightning Spire
   728 | D:5      | Reached skill level 2 in Invocations
   728 | D:5      | Reached XP level 6. HP: 41/50 MP: 3/13
   734 | D:5      | Noticed an ice beast
   760 | D:5      | Killed an ice beast
   760 | D:5      | Reached skill level 5 in Fighting
   760 | D:5      | Reached skill level 2 in Short Blades
   760 | D:5      | Reached skill level 2 in Long Blades
   760 | D:5      | Reached skill level 5 in Axes
   760 | D:5      | Reached skill level 2 in Maces & Flails
   760 | D:5      | Reached skill level 2 in Polearms
   760 | D:5      | Reached skill level 2 in Staves
   760 | D:5      | Reached skill level 2 in Slings
   760 | D:5      | Reached skill level 2 in Bows
   760 | D:5      | Reached skill level 2 in Crossbows
   760 | D:5      | Reached skill level 2 in Throwing
   760 | D:5      | Reached skill level 5 in Dodging
   760 | D:5      | Reached skill level 2 in Stealth
   760 | D:5      | Reached skill level 2 in Shields
   760 | D:5      | Reached skill level 2 in Unarmed Combat
   760 | D:5      | Reached skill level 2 in Evocations
   869 | D:6      | Found Cylar's Weapon Shop.
   875 | D:6      | Quit the game

Skill      XL: |  1  2  3  4  5  6 |
---------------+-------------------+-----
Spellcasting   | 5 |  5.4
Invocations    | 1 2 |  2.2
Short Blades   | 1 2 |  2.0
Long Blades    | 1 2 |  2.0
Maces & Flails | 1 2 |  2.0
Polearms       | 1 2 |  2.0
Staves         | 1 2 |  2.0
Slings         | 1 2 |  2.0
Bows           | 1 2 |  2.0
Crossbows      | 1 2 |  2.0
Throwing       | 1 2 |  2.0
Stealth        | 1 2 |  2.0
Shields        | 1 2 |  2.0
Unarmed Combat | 1 2 |  2.0
Evocations     | 1 2 |  2.0
Conjurations   | 1 |  1.5
Hexes          | 1 |  1.5
Summonings     | 1 |  1.5
Necromancy     | 1 |  1.5
Translocations | 1 |  1.5
Transmutations | 1 |  1.5
Fire Magic     | 1 |  1.5
Ice Magic      | 1 |  1.5
Air Magic      | 1 |  1.5
Earth Magic    | 1 |  1.5
Poison Magic   | 1 |  1.5
Armour         | 3 |  3.2
Fighting       | 5 |  5.0
Axes           | 5 |  5.0
Dodging        | 5 |  5.0
Charms         | |  5.6

Action                   |  1- 3 |  4- 6 || total
-------------------------+-------+-------++-------
Melee: Hand axe          |    63 |     9 ||    72
       Bite              |     8 |     2 ||    10
       Quarterstaff      |       |    31 ||    31
       Dagger            |       |    11 ||    11
 Cast: Infusion          |     2 |       ||     2
       Song of Slaying   |     3 |     1 ||     4
       Spectral Weapon   |     3 |     5 ||     8
       Regeneration      |     2 |     4 ||     6
       Shroud of Golubri |     1 |     2 ||     3
       Summon Lightning  |       |     2 ||     2
Evoke: Wand              |       |     2 ||     2
  Use: Potion            |       |     5 ||     5
       Scroll            |       |     4 ||     4
 Stab: Sleeping          |       |     2 ||     2
  Eat: Chunk             |       |     1 ||     1
Armor: Leather armour    |    13 |    15 ||    28
Dodge: Dodged            |    50 |    34 ||    84

Table legend:
 A = Turns spent in this place as a percentage of turns spent in the entire game.
 B = Non-inter-level travel turns spent in this place as a percentage of non-inter-level travel turns spent in the entire game.
 C = Inter-level travel turns spent in this place as a percentage of turns spent in this place.
 D = Turns resting spent in this place as a percentage of non-inter-level travel turns spent in this place.
 E = Turns spent auto-exploring this place as a percentage of non-inter-level travel turns spent in this place.
 F = Non-inter-level travel turns spent in this place divided by the number of levels of this place that you've seen.
                   A       B       C       D       E      F
               +-------+-------+-------+-------+-------+----------------------
         Total | 100.0 | 100.0 |   0.0 |   0.0 |   0.0 | 145.8
       Dungeon | 100.0 | 100.0 |   0.0 |   0.0 |   0.0 | 145.8
               +-------+-------+-------+-------+-------+----------------------

Table legend:
 A = Kills in this place as a percentage of kills in entire the game.
 B = Kills by you in this place as a percentage of kills by you in the entire game.
 C = Kills by friends in this place as a percentage of kills by friends in the entire game.
 D = Other kills in this place as a percentage of other kills in the entire game.
 E = Experience gained in this place as a percentage of experience gained in the entire game.
 F = Experience gained in this place divided by the number of levels of this place that you have seen.
                   A       B       C       D       E      F
               +-------+-------+-------+-------+-------+----------------------
         Total | 100.0 | 100.0 | 100.0 |   N/A | 100.0 |  81.8
       Dungeon | 100.0 | 100.0 | 100.0 |   N/A | 100.0 |  81.8
               +-------+-------+-------+-------+-------+----------------------

Vault maps used:
D:1:      dpeg_arrival_snail
D:2:      minivault_5, serial_park_tiny_2
D:3:      lemuel_coloured_pillars_altar, uniq_robin, uniq_crazy_yiuf_cottage
D:4:      lemuel_round_altar, nicolae_overflow_hidden_temple, uniq_blork_the_orc
D:5:      first_ration, chequers_ossuary_entry_cave, uniq_grinder
D:6:      minitemple, kennysheep_little_box, serial_shops,
          nicolae_shop_waterfront, shop, nicolae_shop_waterfront, shop,
          kennysheep_mini, uniq_pikel
